 Dungeon Crawl Stone Soup version 0.28.0 (webtiles) character file.

Game seed: 11835314859111081088

119 dolemite99 the Poker (level 4, 0/38 HPs)
             Began as a Draconian Cinder Acolyte on Feb 15, 2022.
             Was an Elder of Ignis.
             Slain by Grinder (8 damage)
             ... on level 3 of the Dungeon.
             The game lasted 00:04:36 (2893 turns).

dolemite99 the Poker (Draconian Cinder Acolyte)     Turns: 2893, Time: 00:04:36

Health: 0/38       AC: 12    Str: 19    XL:     4   Next: 73%
Magic:  14/14      EV: 11    Int: 14    God:    Ignis [****..]
Gold:   94         SH:  0    Dex:  6    Spells: 3/5 levels left

rFire   + . .      SeeInvis .   a - -1 spear (flame)
rCold   . . .      Faith    .   (no shield)
rNeg    . . .      Spirit   .   (armour unavailable)
rPois   .          Reflect  .   (helmet restricted)
rElec   .          Harm     .   (no cloak)
rCorr   .          Rampage  .   (no gloves)
Will    .....                   (no boots)
Stlth   +.........              (no amulet)
HPRegen 0.12/turn               e - ring of magical power
MPRegen 0.14/turn               (no ring)

@: fiery-armoured
A: AC +5, unfitting armour, cold-blooded
a: Renounce Religion, Fiery Armour, Foxfire Swarm, Rising Flame


You were on level 3 of the Dungeon.
You worshipped Ignis.
Ignis was greatly pleased with you.
You visited 1 branch of the dungeon, and saw 3 of its levels.

You collected 94 gold pieces.

Inventory:

Hand Weapons
 a - a -1 spear of flaming (weapon)
Missiles
 h - 47 arrows
 i - 21 bolts
 j - 32 stones (quivered)
Jewellery
 e - a ring of magical power (left hand)
Scrolls
 b - a scroll of blinking {unknown}
 g - a scroll of identify {unknown}
Potions
 c - 2 potions of curing {unknown}
 d - a potion of might {unknown}


   Skills:
 - Level 3.2 Fighting
 + Level 5.5 Polearms
 - Level 1.0 Spellcasting
 - Level 3.0 Fire Magic


You had 3 spell levels left.
You knew the following spells:

 Your Spells              Type           Power      Damage    Failure   Level
a - Passwall              Tmut/Erth      0%         N/A       36%         2

Your spell library contained the following spells:

 Spells                   Type           Power      Damage    Failure   Level
 Scorch                   Fire           18%        2d5       12%         2
 Sandblast                Erth           0%         2d4       26%         1
 Ignite Poison            Fire/Tmut/Pois 3%         N/A       45%         3
 Mephitic Cloud           Conj/Pois/Air  0%         N/A       61%         3
 Stone Arrow              Conj/Erth      0%         3d7       61%         3
 Freezing Cloud           Conj/Ice/Air   0%         6-21      100%        5


Dungeon Overview and Level Annotations

Branches:
Dungeon (3/15)

Altars:
Vehumet

Annotations:
D:3 Grinder


Innate Abilities, Weirdness & Mutations

Your plain brown scales are hard. (AC +5)
You cannot fit into any form of body armour.
You are cold-blooded and may be slowed by cold attacks.


Message History

Pain shoots through your body! Grinder gestures at you.
Pain shoots through your body! Grinder hits you.
Grinder is burned by your cloak of flames.
Grinder is moderately wounded.
Grinder gestures at you. You resist with significant effort.
Grinder blinks!
You can move again.
Your cloak of flame flares fiercely!
You hit Grinder. You burn Grinder.
Grinder is moderately wounded.
Grinder gestures at you. You resist with significant effort.
You barely miss Grinder.
Grinder is moderately wounded.
Grinder closely misses you.
You hit Grinder. You burn Grinder.
You tail-slap Grinder, but do no damage.
Grinder is moderately wounded.
Grinder barely misses you.
You barely miss Grinder.
Grinder is moderately wounded.
You hit Grinder but do no damage. Your punch misses Grinder.
Grinder is moderately wounded.
Grinder hits you.
You writhe in agony.
Grinder is burned by your cloak of flames.
Grinder is moderately wounded.
You hit Grinder but do no damage.
Grinder is moderately wounded.
Grinder hits you.
You writhe in agony.
* * * LOW HITPOINT WARNING * * *
Grinder is burned by your cloak of flames.
Grinder is heavily wounded.
You closely miss Grinder.
Grinder is heavily wounded.
Grinder says, "My boss said I was rubbish.
His entrails said otherwise."
Grinder hits you!
You die...

#.......##
........#
........#
.... .....
.. .....
#####....
...(.
#........
..... #5#
.....
#####@#
.....
#.$...#
.....
#........#
..#..
..##(....#
#....
.<(...###
...
#.##### ..
. .


You could see Grinder.

Vanquished Creatures
  A hound (D:3)
  5 adders
  2 worms (D:2)
  2 giant cockroaches
  3 goblins
  6 hobgoblins
  4 kobolds
  2 quokkas (D:1)
  5 ball pythons
  3 bats
  A frilled lizard (D:2)
  3 rats
37 creatures vanquished.

Notes
Turn   | Place    | Note
-------+----------+-------------------------------------------
     0 | D:1      | dolemite99 the Draconian Cinder Acolyte began the quest for
                  | the Orb.
     0 | D:1      | Reached XP level 1. HP: 19/19 MP: 2/2
   580 | D:1      | Found a faded altar of an unknown god.
   614 | D:1      | Reached XP level 2. HP: 16/26 MP: 3/3
  1294 | D:1      | You fall into a shaft and drop 1 floor!
  1403 | D:2      | Learned a level 2 spell: Passwall
  1436 | D:2      | Reached skill level 4 in Polearms
  1436 | D:2      | Reached XP level 3. HP: 19/31 MP: 4/4
  2785 | D:3      | Reached XP level 4. HP: 38/38 MP: 5/5
  2790 | D:3      | Found a radiant altar of Vehumet.
  2799 | D:3      | Reached skill level 5 in Polearms
  2860 | D:3      | Noticed Grinder
  2878 | D:3      | Paralysed by Grinder for 7 turns
  2893 | D:3      | Slain by Grinder

Illustrated notes

Levels and vault maps discovered:
D:1:      mushboom_english_gardens, layout_basic,
          dreamdust_ecumenical_altar_angels_and_demons
D:2:      layout_loops_ring
D:3:      wander_river, layout_rooms, amcnicky_altar_gilded,
          yredelemnul_forgotten_temple_becter, serial_shops,
          nicolae_shop_crystal, grunt_decor_cap, uniq_grinder

Skill      XL: |  1  2  3  4 |
---------------+-------------+-----
Polearms       | 4 5 |  5.5
Fighting       | |  3.2
Spellcasting   | |  1.0
Fire Magic     | |  3.0

Action                   |  1- 3 |  4- 6 || total
-------------------------+-------+-------++-------
Melee: Spear             |   145 |    21 ||   166
       Tailslap          |    10 |     1 ||    11
       Punch             |     1 |       ||     1
Throw: Dart              |     5 |     5 ||    10
Invok: Fiery Armour      |     1 |     3 ||     4
  Use: Scroll            |     2 |     2 ||     4
Armor: Skin              |    40 |     4 ||    44
Dodge: Dodged            |    63 |    11 ||    74
